General information
- name: BNet
- type: Ladder team game (AT/RT)
- host: Battle.net
- saver: CaiusCosades
map: MarketSquare
- players: 8
- length: 79:29
- speed: Fast
- version: 1.26 W3XP
- replay type: Public
» download(299 KB)
Players
team 1 (winner)

»
jakovia (
pink | 36 APM | 205 actions | 05:44)
1 Keeper of the Grove
1 Entangling Roots
» actions
| Assign group hotkey | 5 | |
| Build / train | 22 | |
| Enter build submenu | 9 | |
| Enter hero's abilities submenu | 1 | |
| Right click | 33 | |
| Select / deselect | 90 | |
| Select group hotkey | 24 | |
| Use ability | 21 | |
205 total
» units
» buildings
| Moon Well | 3 | |
| Altar of Elders | 1 | |
| Ancient of War | 1 | |
| Tree of Ages | 1 | |
| Hunter's Hall | 1 | |
| Ancient Protector | 2 | |
9 total
» build order
00:12 Moon Well
00:15 Altar of Elders
00:22 Ancient of War
01:43 Moon Well
02:15 Moon Well
03:37 Tree of Ages
03:57 Hunter's Hall
05:01 Ancient Protector
05:35 Ancient Protector
oriono (
green | 55 APM | 319 actions | 05:47)
2 Far Seer
1 Feral Spirit
1 Chain Lighting
2 Mountain King
1 Storm Bolt
1 Bash
» actions
| Basic commands | 14 | |
| Build / train | 19 | |
| Enter build submenu | 11 | |
| Enter hero's abilities submenu | 4 | |
| Right click | 158 | |
| Select / deselect | 92 | |
| Use ability | 21 | |
319 total
» units
» upgrades
» buildings
| Altar of Storms | 1 | |
| Orc Burrow | 4 | |
| Barracks | 1 | |
| Farm | 1 | |
| Scout Tower | 1 | |
| Arcane Tower | 1 | |
| Stronghold | 1 | |
| War Mill | 1 | |
| Voodoo Lounge | 1 | |
| Fortress | 1 | |
13 total
» build order
00:08 Altar of Storms
00:12 Orc Burrow
00:42 Barracks
01:32 Orc Burrow
01:59 Farm
02:04 Scout Tower
02:38 Arcane Tower
02:47 Stronghold
03:41 Orc Burrow
03:45 Orc Burrow
04:18 War Mill
04:23 Voodoo Lounge
05:33 Fortress
molson-canadian (
purple | 32 APM | 2516 actions | 79:29)
4 Archmage
1 Blizzard
1 Brilliance Aura
2 Summon Water Elemental
5 Far Seer
2 Feral Spirit
2 Chain Lighting
1 Earth Quake
6 Keeper of the Grove
3 Thorns Aura
2 Entangling Roots
1 Tranquility
4 Mountain King
2 Storm Bolt
1 Bash
1 Avatar
» actions
| Basic commands | 140 | |
| Build / train | 330 | |
| Enter build submenu | 61 | |
| Enter hero's abilities submenu | 18 | |
| Remove unit from queue | 1 | |
| Right click | 867 | |
| Select / deselect | 961 | |
| Use ability | 138 | |
2516 total
» units
| Peasant | 13 | |
| Footman | 1 | |
| Rifleman | 40 | |
| Archer | 2 | |
| Priest | 14 | |
| Sorceress | 19 | |
| Peon | 19 | |
| Druid of the Talon | 58 | |
| Tauren | 20 | |
| Siege Engine | 28 | |
| Wisp | 14 | |
| Glaive Thrower | 15 | |
| Hippogryph | 11 | |
| Troll Batrider | 12 | |
| Raider | 15 | |
281 total
» upgrades
| Gunpowder | 2 | |
| Armor | 3 | |
| Spiked Barricades | | |
| Melee Weapons | 2 | |
| Priest Training | 2 | |
| Sorceress Training | 2 | |
| Druid of the Talon Training | 1 | |
| Long Rifles | 1 | |
| Pulverize | 1 | |
| Masonry | 1 | |
| Lumber Harvesting | 2 | |
| Barrage | 1 | |
| Vorpal Blades | 1 | |
| Pillage | 1 | |
20 total
» buildings
| Altar of Kings | 1 | |
| Farm | 21 | |
| Barracks | 2 | |
| Blacksmith | 1 | |
| Arcane Vault | 1 | |
| Lumber Mill | 2 | |
| Keep | 5 | |
| Arcane Sanctum | 3 | |
| Orc Burrow | 8 | |
| Ancient of Wind | 4 | |
| Castle | 2 | |
| Moon Well | 6 | |
| Tauren Totem | 2 | |
| Workshop | 3 | |
| Ancient of War | 1 | |
| Beastiary | 3 | |
| War Mill | 1 | |
| Voodoo Lounge | 1 | |
67 total
» build order
00:08 Altar of Kings
00:11 Farm
00:15 Barracks
00:48 Farm
01:42 Blacksmith
01:59 Barracks
02:20 Arcane Vault
02:33 Farm
02:35 Farm
03:17 Lumber Mill
03:22 Keep
03:23 Keep
03:23 Keep
03:26 Lumber Mill
03:33 Farm
04:14 Farm
04:38 Farm
04:44 Farm
04:45 Farm
04:46 Farm
04:46 Farm
04:47 Farm
04:49 Farm
05:45 Arcane Sanctum
05:50 Arcane Sanctum
06:06 Arcane Sanctum
06:42 Orc Burrow
06:49 Ancient of Wind
06:52 Ancient of Wind
07:15 Castle
07:59 Keep
08:12 Ancient of Wind
08:15 Ancient of Wind
08:20 Moon Well
08:31 Tauren Totem
08:53 Tauren Totem
09:03 Farm
09:06 Farm
09:06 Farm
09:07 Farm
09:16 Moon Well
14:12 Farm
16:00 Castle
16:44 Workshop
16:48 Workshop
16:52 Workshop
21:19 Farm
21:23 Farm
21:23 Farm
23:03 Orc Burrow
24:33 Moon Well
24:35 Moon Well
25:26 Orc Burrow
27:33 Ancient of War
28:37 Beastiary
28:39 Beastiary
28:45 War Mill
28:50 Beastiary
28:53 Orc Burrow
28:59 Orc Burrow
29:29 Moon Well
29:50 Voodoo Lounge
30:01 Moon Well
31:32 Orc Burrow
31:55 Orc Burrow
32:00 Orc Burrow
» items
sebass (
blue | 26 APM | 46 actions | 01:47)
» actions
| Build / train | 7 | |
| Enter build submenu | 4 | |
| Right click | 14 | |
| Select / deselect | 17 | |
| Use ability | 4 | |
46 total
» units
» buildings
| Altar of Kings | 1 | |
| Farm | 2 | |
| Barracks | 1 | |
4 total
» build order
00:09 Altar of Kings
00:15 Farm
00:57 Barracks
01:18 Farm
team 2 (loser)
broken_board (
orange | 61 APM | 1530 actions | 25:14)
4 Paladin
1 Holy Light
1 Divine Shield
2 Devotion Aura
» actions
| Assign group hotkey | 31 | |
| Basic commands | 1 | |
| Build / train | 112 | |
| Enter build submenu | 42 | |
| Enter hero's abilities submenu | 4 | |
| Give item / drop item | 1 | |
| Remove unit from queue | 14 | |
| Right click | 537 | |
| Select / deselect | 400 | |
| Select group hotkey | 319 | |
| Use ability | 69 | |
1530 total
» units
| Peasant | 19 | |
| Footman | 16 | |
| Rifleman | 18 | |
| Priest | 8 | |
| Knight | 10 | |
71 total
» upgrades
| Plating | 1 | |
| Gunpowder | 2 | |
| Priest Training | 1 | |
| Swords | 1 | |
5 total
» buildings
| Altar of Kings | 1 | |
| Farm | 16 | |
| Barracks | 3 | |
| Scout Tower | 11 | |
| Arcane Tower | 3 | |
| Blacksmith | 2 | |
| Lumber Mill | 2 | |
| Arcane Vault | 1 | |
| Guard Tower | 9 | |
| Keep | 2 | |
| Castle | 1 | |
| Arcane Sanctum | 2 | |
| Town Hall | 1 | |
54 total
» build order
00:32 Altar of Kings
00:45 Farm
00:52 Barracks
01:21 Farm
01:36 Scout Tower
02:02 Farm
02:11 Arcane Tower
02:11 Arcane Tower
02:39 Farm
02:56 Blacksmith
03:09 Scout Tower
03:12 Lumber Mill
03:19 Scout Tower
03:47 Farm
03:58 Arcane Vault
04:21 Guard Tower
04:22 Guard Tower
04:32 Farm
05:09 Farm
05:14 Scout Tower
06:18 Guard Tower
06:20 Keep
07:36 Scout Tower
07:40 Scout Tower
07:48 Farm
08:19 Scout Tower
08:20 Guard Tower
08:22 Guard Tower
08:24 Scout Tower
08:38 Farm
08:43 Castle
08:47 Arcane Sanctum
08:50 Guard Tower
08:54 Town Hall
08:56 Guard Tower
09:00 Scout Tower
10:13 Guard Tower
10:23 Farm
12:14 Farm
13:08 Scout Tower
13:44 Guard Tower
13:46 Scout Tower
16:29 Keep
16:46 Barracks
16:55 Barracks
17:10 Farm
18:30 Blacksmith
18:43 Lumber Mill
19:31 Arcane Sanctum
20:07 Farm
20:19 Farm
20:50 Farm
21:06 Farm
» items
| Scroll of Town Portal | 1 | |
| Scroll of Protection | 1 | |
2 total

»
Mizzou (
red | 9 APM | 754 actions | 79:29)
7 Blademaster
3 Wind Walk
3 Critical Strike
1 Bladestorm
» actions
| Assign group hotkey | 13 | |
| Basic commands | 9 | |
| Build / train | 49 | |
| Enter build submenu | 13 | |
| Enter hero's abilities submenu | 7 | |
| Remove unit from queue | 1 | |
| Right click | 381 | |
| Select / deselect | 217 | |
| Select group hotkey | 20 | |
| Use ability | 43 | |
754 total
» units
| Peon | 10 | |
| Grunt | 5 | |
| Tauren | 8 | |
| Shaman | 4 | |
27 total
» upgrades
| Armor | 2 | |
| Melee Weapons | 2 | |
| Berserker Strength | 1 | |
| Shaman Training | 2 | |
| Witch Doctor Training | 0 | |
| Pulverize | 1 | |
| Pillage | 1 | |
9 total
» buildings
| Altar of Storms | 1 | |
| Orc Burrow | 6 | |
| Voodoo Lounge | 1 | |
| Barracks | 1 | |
| Stronghold | 1 | |
| War Mill | 1 | |
| Fortress | 1 | |
| Spirit Lodge | 1 | |
| Tauren Totem | 2 | |
15 total
» build order
00:10 Altar of Storms
00:13 Orc Burrow
00:17 Voodoo Lounge
01:35 Barracks
01:50 Orc Burrow
03:41 Stronghold
03:55 War Mill
05:05 Orc Burrow
06:11 Fortress
06:14 Spirit Lodge
08:34 Tauren Totem
08:37 Tauren Totem
10:09 Orc Burrow
11:03 Orc Burrow
12:17 Orc Burrow
» items
| Healing Salve | 1 | |
| Lesser Clarity Potion | 1 | |
2 total
CaiusCosades (
teal | 66 APM | 5264 actions | 79:29)
10 Blood Mage
3 Flame Strike
3 Siphon Mana
1 Summon Phoenix
3 Banish
» actions
| Assign group hotkey | 74 | |
| Basic commands | 268 | |
| Build / train | 259 | |
| ESC pressed | 5 | |
| Enter build submenu | 97 | |
| Enter hero's abilities submenu | 9 | |
| Give item / drop item | 20 | |
| Right click | 2127 | |
| Select / deselect | 1015 | |
| Select group hotkey | 1108 | |
| Use ability | 282 | |
5264 total
» units
| Peasant | 26 | |
| Footman | 15 | |
| Gryphon Rider | 19 | |
| Sorceress | 1 | |
| Kobold Geomancer | 8 | |
| Forest Troll High Priest | 8 | |
| Assassin | 8 | |
| Rogue | 15 | |
| Mortar Team | 1 | |
101 total
» upgrades
| Masonry | 4 | |
| Defend | 2 | |
| Swords | 4 | |
| Armor | 4 | |
| Lumber Harvesting | 2 | |
| Animal War Training | 1 | |
| Storm Hammers | 1 | |
| Cloud | 1 | |
| Sorceress Training | 2 | |
| Magic Sentry | 2 | |
| Backpack | 1 | |
| Priest Training | 2 | |
| Control Magic | 1 | |
| Gunpowder | 3 | |
| Plating | 3 | |
| Long Rifles | 1 | |
| Flying Machine Bombs | 1 | |
| Flak Cannons | 1 | |
| Barrage | 1 | |
| Fragmentation Shards | 1 | |
| Flare | 1 | |
39 total
» buildings
| Barracks | 1 | |
| Altar of Kings | 1 | |
| Farm | 17 | |
| Arcane Vault | 2 | |
| Town Hall | 6 | |
| Lumber Mill | 2 | |
| Scout Tower | 55 | |
| Arcane Tower | 3 | |
| Keep | 2 | |
| Guard Tower | 59 | |
| Blacksmith | 1 | |
| Castle | 2 | |
| Gryphon Aviary | 4 | |
| Arcane Sanctum | 1 | |
| Workshop | 6 | |
162 total
» build order
00:12 Barracks
00:14 Altar of Kings
00:15 Farm
00:52 Farm
01:35 Farm
02:12 Arcane Vault
03:47 Town Hall
04:24 Farm
04:28 Lumber Mill
04:36 Scout Tower
04:44 Scout Tower
05:04 Arcane Tower
05:18 Arcane Tower
05:19 Arcane Tower
05:43 Scout Tower
05:48 Scout Tower
05:49 Scout Tower
06:57 Keep
06:57 Keep
06:59 Guard Tower
06:59 Guard Tower
07:06 Guard Tower
07:33 Blacksmith
07:40 Scout Tower
07:46 Scout Tower
08:15 Guard Tower
08:15 Guard Tower
08:16 Guard Tower
08:17 Guard Tower
08:38 Scout Tower
08:49 Scout Tower
08:51 Scout Tower
09:25 Castle
09:26 Castle
10:01 Farm
10:03 Farm
10:03 Guard Tower
10:04 Guard Tower
10:09 Gryphon Aviary
10:16 Gryphon Aviary
10:21 Gryphon Aviary
10:47 Gryphon Aviary
11:54 Farm
11:57 Scout Tower
12:00 Scout Tower
12:03 Farm
12:31 Guard Tower
12:31 Guard Tower
13:37 Guard Tower
13:38 Guard Tower
15:49 Arcane Vault
16:09 Guard Tower
16:09 Guard Tower
16:18 Guard Tower
16:18 Guard Tower
20:12 Farm
20:16 Farm
20:21 Farm
20:55 Arcane Sanctum
21:18 Town Hall
21:29 Farm
21:30 Farm
21:31 Farm
21:33 Farm
21:36 Farm
21:39 Farm
21:41 Scout Tower
21:43 Scout Tower
21:45 Scout Tower
21:47 Scout Tower
21:49 Scout Tower
22:44 Guard Tower
23:14 Guard Tower
23:14 Guard Tower
23:15 Guard Tower
23:15 Guard Tower
23:56 Guard Tower
25:21 Guard Tower
25:22 Guard Tower
25:22 Guard Tower
30:19 Scout Tower
30:23 Scout Tower
30:24 Scout Tower
30:29 Scout Tower
30:33 Scout Tower
30:34 Scout Tower
30:39 Scout Tower
30:41 Scout Tower
30:58 Guard Tower
30:58 Guard Tower
30:59 Guard Tower
31:00 Guard Tower
31:20 Guard Tower
31:23 Guard Tower
31:28 Scout Tower
31:29 Scout Tower
31:30 Scout Tower
31:32 Scout Tower
31:33 Scout Tower
31:34 Scout Tower
31:36 Scout Tower
31:38 Scout Tower
32:09 Guard Tower
32:09 Guard Tower
33:06 Town Hall
36:41 Scout Tower
36:41 Scout Tower
36:43 Scout Tower
36:44 Scout Tower
36:46 Scout Tower
36:50 Scout Tower
36:51 Scout Tower
36:53 Scout Tower
36:55 Scout Tower
36:57 Scout Tower
37:22 Guard Tower
37:22 Guard Tower
37:39 Guard Tower
37:39 Guard Tower
37:41 Guard Tower
37:41 Guard Tower
40:24 Workshop
40:27 Workshop
40:29 Workshop
40:31 Workshop
40:33 Workshop
40:57 Town Hall
42:04 Lumber Mill
43:01 Scout Tower
43:02 Scout Tower
43:03 Scout Tower
43:05 Scout Tower
43:06 Scout Tower
43:13 Scout Tower
43:15 Scout Tower
44:10 Guard Tower
44:28 Guard Tower
44:29 Guard Tower
44:49 Guard Tower
44:59 Guard Tower
45:00 Guard Tower
45:02 Guard Tower
45:24 Guard Tower
45:24 Guard Tower
49:44 Town Hall
49:48 Scout Tower
49:50 Scout Tower
49:51 Scout Tower
49:52 Scout Tower
49:54 Scout Tower
50:21 Guard Tower
50:21 Guard Tower
50:53 Guard Tower
50:53 Guard Tower
52:33 Town Hall
69:43 Workshop
» items
| Scroll of Regeneration | 12 | |
| Boots of Speed | 1 | |
| Staff of Teleportation | 1 | |
| Periapt of Vitality | 1 | |
| Lesser Clarity Potion | 5 | |
| Potion of Healing | 2 | |
| Scroll of Town Portal | 3 | |
| Ivory Tower | 4 | |
| Potion of Mana | 3 | |
| Potion of Invisibility | 2 | |
| Orb of Lightning | 1 | |
35 total
SmashTheMexica (
yellow | 33 APM | 2612 actions | 79:22)
9 Blademaster
3 Wind Walk
3 Critical Strike
1 Bladestorm
2 Mirror Image
» actions
| Assign group hotkey | 77 | |
| Basic commands | 118 | |
| Build / train | 56 | |
| Enter build submenu | 84 | |
| Enter hero's abilities submenu | 9 | |
| Give item / drop item | 8 | |
| Remove unit from queue | 2 | |
| Right click | 1366 | |
| Select / deselect | 386 | |
| Select group hotkey | 271 | |
| Use ability | 233 | |
2612 total
» units
| Peon | 16 | |
| Grunt | 4 | |
| Wind Rider | 6 | |
| Troll Batrider | 1 | |
27 total
» upgrades
| Ranged Weapons | 3 | |
| Armor | 3 | |
| Envenomed Spears | 1 | |
| Reinforced Defenses | 1 | |
8 total
» buildings
| Orc Burrow | 4 | |
| Altar of Storms | 1 | |
| Barracks | 1 | |
| Voodoo Lounge | 2 | |
| Stronghold | 1 | |
| War Mill | 1 | |
| Great Hall | 4 | |
| Watch Tower | 85 | |
| Beastiary | 2 | |
| Fortress | 1 | |
102 total
» build order
01:13 Orc Burrow
01:54 Altar of Storms
02:07 Barracks
02:19 Orc Burrow
03:27 Voodoo Lounge
04:01 Stronghold
04:30 War Mill
06:09 Great Hall
06:16 Watch Tower
06:16 Watch Tower
07:21 Beastiary
07:22 Beastiary
08:42 Orc Burrow
08:42 Orc Burrow
09:47 Fortress
15:46 Watch Tower
15:47 Watch Tower
15:48 Watch Tower
15:49 Watch Tower
15:51 Watch Tower
15:52 Watch Tower
15:55 Watch Tower
15:55 Watch Tower
15:57 Watch Tower
15:58 Watch Tower
16:00 Watch Tower
16:23 Watch Tower
16:23 Watch Tower
16:23 Watch Tower
16:25 Watch Tower
19:26 Watch Tower
19:26 Watch Tower
19:27 Watch Tower
19:27 Watch Tower
19:29 Watch Tower
20:44 Watch Tower
20:44 Watch Tower
20:45 Watch Tower
20:47 Watch Tower
20:48 Watch Tower
23:27 Watch Tower
23:28 Watch Tower
23:30 Watch Tower
23:30 Watch Tower
23:33 Watch Tower
23:37 Watch Tower
23:39 Watch Tower
23:40 Watch Tower
23:46 Watch Tower
23:46 Watch Tower
23:47 Watch Tower
23:48 Watch Tower
23:54 Watch Tower
24:46 Watch Tower
24:46 Watch Tower
26:24 Watch Tower
26:24 Watch Tower
26:24 Watch Tower
26:26 Watch Tower
39:46 Watch Tower
39:47 Watch Tower
39:48 Watch Tower
39:48 Watch Tower
39:49 Watch Tower
39:51 Watch Tower
39:52 Watch Tower
39:54 Watch Tower
39:58 Watch Tower
40:14 Watch Tower
40:14 Watch Tower
40:15 Watch Tower
40:19 Watch Tower
40:20 Watch Tower
40:21 Watch Tower
40:22 Watch Tower
40:23 Watch Tower
40:23 Watch Tower
40:24 Watch Tower
41:56 Voodoo Lounge
45:08 Watch Tower
45:08 Watch Tower
45:09 Watch Tower
45:22 Watch Tower
45:22 Watch Tower
45:22 Watch Tower
46:26 Watch Tower
46:26 Watch Tower
46:26 Watch Tower
46:28 Watch Tower
46:29 Watch Tower
46:29 Watch Tower
46:32 Watch Tower
49:46 Great Hall
49:48 Watch Tower
49:49 Watch Tower
49:49 Watch Tower
49:49 Watch Tower
50:06 Great Hall
50:12 Watch Tower
54:00 Great Hall
» items
| Healing Salve | 1 | |
| Scroll of Town Portal | 1 | |
| Periapt of Vitality | 3 | |
| Tiny Great Hall | 1 | |
6 total
Chat log
(00:20 / All) CaiusCosades: this map 3 times in a row
(00:27 / All) CaiusCosades: good map but it still gets tiresome
(00:33 / All) oriono: yup and won all three times
(00:33 / All) jakovia: I DONT GIVE A SHIT
(01:04 / Allies) SmashTheMexica: yo
(01:46 / Allies) SmashTheMexica: oh we're on same team
(01:47 / Allies) SmashTheMexica: I think he was blue that game too
(01:49 / Allies) CaiusCosades: odd
(01:52 / Allies) CaiusCosades: same map too
(02:01 / Allies) SmashTheMexica: and I'm yellow, my hated rival
(03:34 / All) jakovia: get the fuck otta here
(04:42 / Allies) SmashTheMexica: lum anyone?
(04:50 / All) jakovia: WOW YOURE GOOD
(05:01 / All) Mizzou: nice detonate
(05:56 / All) SmashTheMexica: ?
(06:48 / 7) CaiusCosades: yellow and I are going to backstab our allies
(06:51 / 7) CaiusCosades: and you will get the win
(06:52 / 7) CaiusCosades: don't leave
(06:54 / 7) CaiusCosades: okay?
(09:13 / Allies) Mizzou: you guys do realize there is only 1 person left right
(09:18 / Allies) Mizzou: so keep attacking and stop creeping
(09:25 / Allies) SmashTheMexica: I can't keep attacking
(09:29 / Allies) SmashTheMexica: if I never began attacking
(09:42 / Allies) Mizzou: that isn't true
(09:47 / Allies) Mizzou: you can keep at something
(09:57 / Allies) Mizzou: without having started
(10:05 / All) SmashTheMexica: to keep implies continuance
(10:10 / All) SmashTheMexica: I have not started
(10:18 / All) SmashTheMexica: therefore I can't keep at what I haven't started
(10:27 / All) SmashTheMexica: that's just logic
(10:46 / All) Mizzou: smartass
(10:50 / All) Mizzou: what are you a lawyer
(11:03 / All) CaiusCosades: He is my friend
(11:07 / All) CaiusCosades: He is a lawyer
(11:11 / All) CaiusCosades: I can confirm it
(11:21 / Allies) Mizzou: alright
(11:22 / Allies) Mizzou: well
(11:25 / Allies) Mizzou: keep being useless
(11:27 / Allies) Mizzou: that works right?
(11:30 / Allies) SmashTheMexica: Aye
(11:33 / Allies) CaiusCosades: aight
(11:33 / Allies) SmashTheMexica: I'll do that gladly
(12:07 / Allies) SmashTheMexica: lumber, pals?
(14:04 / Allies) SmashTheMexica: lumber gents?
(14:23 / Allies) SmashTheMexica: May I have that lumber orange, you surely don't need it
(16:08 / Allies) SmashTheMexica: lumber
(18:43 / Allies) Mizzou: yellow you twat
(19:00 / Allies) Mizzou: go back to being useless
(19:16 / Allies) SmashTheMexica: can I be less than useless?
(19:26 / Allies) CaiusCosades: gold
(19:38 / Allies) CaiusCosades: ty
(19:51 / Allies) Mizzou: go argue semantics someone else
(19:56 / Allies) Mizzou: you're a twat
(20:04 / Allies) SmashTheMexica: had my fill for the day
(20:19 / All) SmashTheMexica: orange expansion right middle
(21:51 / Allies) SmashTheMexica: You started this war, Judas
(22:16 / Allies) SmashTheMexica: I'll play a tombstone here, HERE LIES ISCARIOT
(22:27 / All) SmashTheMexica: HE BETRAYED THE GOD OF WARCRAFT
(22:44 / Allies) broken_board: shut up you racist basterd
(23:49 / All) broken_board: lol
(28:06 / All) molson-canadian: gg lol
(28:09 / All) CaiusCosades: stay
(28:10 / All) CaiusCosades: stay
(28:10 / All) SmashTheMexica: stay imo
(28:16 / All) CaiusCosades: it's not over yet
(28:17 / All) molson-canadian: no you guys win retards
(28:19 / All) CaiusCosades: we might not be on this team
(28:20 / All) SmashTheMexica: red can use a loss
(28:23 / All) molson-canadian: im not wastinr=g me time
(28:25 / All) CaiusCosades: yes, you get the win
(28:26 / All) CaiusCosades: you were good
(28:29 / All) SmashTheMexica: we'll make red lose
(28:30 / All) CaiusCosades: we are killing ourselves
(28:30 / All) CaiusCosades: ok?
(29:17 / Allies) CaiusCosades: so how should we go about doing this?
(29:37 / All) SmashTheMexica: let's just stay and not do anything for aw hile
(29:40 / Allies) SmashTheMexica: see what they do
(29:44 / Allies) SmashTheMexica: oops
(29:45 / Allies) CaiusCosades: you said that in all, gj lol
(29:59 / All) SmashTheMexica: then we kill our stuff
(30:01 / All) SmashTheMexica: to make red lose
(30:04 / All) CaiusCosades: alright
(31:28 / Allies) SmashTheMexica: 23 armor
(31:31 / Allies) SmashTheMexica: 20
(31:39 / Allies) SmashTheMexica: +30 attack
(31:47 / Allies) SmashTheMexica: and 1450 hps on this bm
(31:47 / Allies) CaiusCosades: jesus christ
(31:55 / Allies) CaiusCosades: creep the other red camps
(32:00 / Allies) SmashTheMexica: I did
(32:00 / Allies) CaiusCosades: see if you can get +70 or something
(32:01 / Allies) SmashTheMexica: all 43
(32:02 / Allies) SmashTheMexica: 4
(32:15 / Allies) SmashTheMexica: I just creeped the main
(33:03 / Allies) SmashTheMexica: I bet a level 6 ptom could beat this bm
(33:26 / Allies) SmashTheMexica: scout for his expos
(34:19 / Allies) CaiusCosades: he has none
(34:50 / All) molson-canadian: gg not wasting my time
(34:54 / All) molson-canadian: you win red
(34:56 / All) SmashTheMexica: we killing red now
(35:06 / All) CaiusCosades: not over yet
(35:07 / All) CaiusCosades: stay
(35:10 / All) CaiusCosades: we are killing red
(35:16 / All) CaiusCosades: he is a faggot, I'm halling him now
(35:27 / All) molson-canadian: reds dead idiot
(35:29 / Allies) SmashTheMexica: 1500 hps
(35:32 / Allies) SmashTheMexica: lol
(35:32 / All) CaiusCosades: no, he rebuilt
(35:39 / Allies) SmashTheMexica: he's trying to trick us I think
(35:40 / Allies) SmashTheMexica: then rebuild
(35:43 / Allies) SmashTheMexica: let's let him rebuild
(35:56 / Allies) SmashTheMexica: out of mid
(35:57 / Allies) CaiusCosades: this phoenix is putting in work
(36:03 / Allies) SmashTheMexica: loz
(36:03 / All) molson-canadian: your handyaped
(36:09 / All) CaiusCosades: hand yaped?
(36:16 / Allies) SmashTheMexica: let him kill the expo
(36:23 / Allies) SmashTheMexica: take this one and tower it
(36:30 / Allies) SmashTheMexica: actually tower that expo
(36:33 / Allies) SmashTheMexica: before he comes back
(36:36 / Allies) CaiusCosades: you sure? not much gold in it
(37:02 / Allies) SmashTheMexica: should I get thse claws
(37:09 / Allies) SmashTheMexica: I say it's inferior to the rest of my items
(37:11 / All) molson-canadian: like how you said he rebuilt wen i can see whole map
(37:17 / All) CaiusCosades: you have maphack?
(37:31 / All) molson-canadian: your retarded lol
(37:31 / All) CaiusCosades: he's dead now
(37:32 / All) SmashTheMexica: he rebuilt in teal's base
(37:33 / All) CaiusCosades: I killed him
(37:36 / All) CaiusCosades: yeah
(37:37 / All) SmashTheMexica: and then teal killed him
(37:45 / All) molson-canadian: k leave then f i win
(37:52 / All) CaiusCosades: red would control our stuff
(37:53 / All) molson-canadian: be a man and keep your word
(37:53 / All) SmashTheMexica: if we leave then red can use us
(38:14 / All) molson-canadian: kil your own shit then
(38:22 / All) SmashTheMexica: we are
(38:30 / All) molson-canadian: lol no your not lol
(39:13 / Allies) SmashTheMexica: almost 50 agility
(39:22 / Allies) CaiusCosades: you could do up to 400+ damage critical strikes
(39:27 / Allies) CaiusCosades: that is insane
(39:32 / Allies) SmashTheMexica: see he';s trying to trick us lol
(40:41 / Allies) CaiusCosades: wood
(41:03 / All) molson-canadian: lol your killing me?
(41:04 / Allies) SmashTheMexica: look at how fast my bm attacks lol
(41:05 / Allies) SmashTheMexica: no gloves
(41:13 / All) molson-canadian: see your a pussy and dont keep your word
(41:17 / All) molson-canadian: little kids lol
(41:17 / All) SmashTheMexica: WE
(41:19 / All) SmashTheMexica: will kill us
(41:21 / All) SmashTheMexica: not you bro
(41:24 / All) molson-canadian: at least i was a man and sa=tayed
(41:25 / All) CaiusCosades: We are keeping our word
(41:28 / All) CaiusCosades: You tried to break it
(41:30 / All) CaiusCosades: and kill us
(41:31 / Allies) SmashTheMexica: see how long he stays lol
(41:34 / All) CaiusCosades: instead of us killing us'
(41:43 / Allies) SmashTheMexica: he's funny
(41:43 / All) molson-canadian: your stupid lol
(41:45 / All) molson-canadian: gg
(41:53 / All) CaiusCosades: not over yet
(41:54 / All) CaiusCosades: stay
(41:56 / All) CaiusCosades: scout my base
(41:58 / All) CaiusCosades: I am killing it
(42:35 / All) CaiusCosades: did you see that? i am killing it
(42:45 / All) molson-canadian: then you stoped lol
(42:55 / All) CaiusCosades: no, it's dead now
(43:02 / Allies) SmashTheMexica: evasion
(43:05 / All) molson-canadian: im not stupid
(43:15 / Allies) SmashTheMexica: he is pretty stupid, actually
(43:25 / Allies) CaiusCosades: that's exactly what I was thinking
(44:39 / Allies) CaiusCosades: nice, to stop him from scouting right?
(44:49 / Allies) SmashTheMexica: yeh I was gonna kill his hippos
(45:38 / Allies) SmashTheMexica: gloves now
(45:41 / Allies) SmashTheMexica: wonder how fast my bm attacks
(45:45 / Allies) CaiusCosades: want my gloves?
(45:52 / Allies) SmashTheMexica: do they stack
(45:55 / Allies) CaiusCosades: yes
(45:58 / Allies) SmashTheMexica: yeah
(46:02 / Allies) CaiusCosades: not too much, but they do iirc
(46:21 / Allies) SmashTheMexica: lawl
(46:36 / Allies) CaiusCosades: wow
(46:49 / Allies) CaiusCosades: it's like a hero from a custom map wtf
(46:53 / Allies) SmashTheMexica: lawl
(47:43 / Allies) CaiusCosades: lol
(48:15 / All) SmashTheMexica: The 3 amigos!
(48:41 / Allies) CaiusCosades: why is he even still here
(48:54 / Allies) SmashTheMexica: he's stupid despite his claims
(48:59 / Allies) CaiusCosades: no shit
(49:00 / Allies) SmashTheMexica: energy
(54:24 / Allies) CaiusCosades: tome of agility
(54:47 / Allies) SmashTheMexica: 3 more to 50
(55:10 / Allies) CaiusCosades: gonna make a merc army
(55:50 / Allies) SmashTheMexica: that bm beat the fuck outta that creep
(57:27 / Allies) CaiusCosades: already 1 control group of mercs
(59:15 / Allies) SmashTheMexica: 48 agil
(59:19 / Allies) CaiusCosades: two control groups of mercs
(60:49 / Allies) CaiusCosades: merc armies are pretty sick
(61:02 / Allies) SmashTheMexica: you're the new bandit king
(61:51 / Allies) SmashTheMexica: 49 agility
(61:54 / Allies) SmashTheMexica: 1 shy of 50
(62:06 / All) CaiusCosades: The map description says a bandit warlord infested this market
(62:09 / All) CaiusCosades: I am that bandit warlord
(62:24 / All) SmashTheMexica: All hail
(64:06 / Allies) SmashTheMexica: Furbolgs are cool
(64:21 / Allies) CaiusCosades: Aren't they mercs on Ashenvale maps?
(64:23 / Allies) CaiusCosades: Dragon Falls
(64:27 / Allies) SmashTheMexica: Maybe
(64:28 / All) CaiusCosades: not sure because i never normally get mercs
(64:39 / All) CaiusCosades: 100/100 merc army
(65:02 / All) SmashTheMexica: you are leaving a swath of destruction
(65:57 / All) CaiusCosades: if he comes back and sees this I wonder what he will think
(67:04 / Allies) SmashTheMexica: be sure to leave him a building
(67:26 / Allies) SmashTheMexica: leave him a workshop
(67:29 / Allies) SmashTheMexica: and that's all
(67:30 / Allies) CaiusCosades: k
(68:32 / Allies) SmashTheMexica: wtf
(68:37 / Allies) CaiusCosades: ?
(68:39 / Allies) SmashTheMexica: human shops are immune to bladestorm?
(68:57 / Allies) SmashTheMexica: are they magic immune or something
(69:06 / Allies) CaiusCosades: wasn't watching, no idea
(69:07 / Allies) SmashTheMexica: bladestorm's not magic then agian
(69:17 / Allies) SmashTheMexica: I say leave him these 3 workshops
(69:21 / Allies) SmashTheMexica: so he can get to work
(70:28 / Allies) CaiusCosades: fuck
(70:33 / Allies) CaiusCosades: forgot to hold position
(71:09 / All) SmashTheMexica: Purple are you secretly Canadian?
(71:15 / All) SmashTheMexica: SECRETLY CANADIAN!
(72:16 / All) molson-canadian: humm
(72:27 / All) SmashTheMexica: YOU MUST STICK UP FOR YOURSELF SON!
(72:31 / All) SmashTheMexica: NEVERMIND WHAT ANYONE ELSE DONE!
(72:37 / All) CaiusCosades: BOW BEFORE THE BANDIT WARLORD!
(72:38 / All) SmashTheMexica: STICK UP FOR SELF SON
(72:44 / All) SmashTheMexica: NEVERMIND WHAT ANYBODY ELSE DONE!
(72:44 / All) molson-canadian: idk im watching tv lol
(73:02 / Allies) SmashTheMexica: quite resistant
(75:51 / All) SmashTheMexica: You there purple?
(76:05 / All) molson-canadian: yea
(76:09 / All) Mizzou: how long has this game been going on?
(76:10 / All) CaiusCosades: We told you we would kill all of our stuff
(76:11 / All) CaiusCosades: we did
(76:13 / All) SmashTheMexica: What's your favorite Yeasayer song?
(76:17 / All) CaiusCosades: I am about to be 0 food
(76:36 / All) molson-canadian: you still got a factroy lol
(76:44 / All) SmashTheMexica: Oh? Imagine that
(76:45 / All) molson-canadian: im going to go drink beer bythe river
(76:55 / All) molson-canadian: we will see if it says victory when i get back
(77:12 / All) SmashTheMexica: Is that an SNL sketch
(77:15 / All) molson-canadian: im 99 % sure it will say fail!
(77:38 / All) SmashTheMexica: Nah, it might say that you dropped connection though
(78:18 / Allies) Mizzou: so what'd i miss
(78:23 / Allies) CaiusCosades: Watch the replay
(78:31 / All) CaiusCosades: I had a 100/100 mercenary army
(78:32 / Allies) Mizzou: eh
(78:35 / Allies) Mizzou: ha
(78:37 / All) CaiusCosades: That is worth watching the replay
(79:04 / All) SmashTheMexica: Teal is Secretly Canadian
(79:07 / All) CaiusCosades: Alright, everyone is 0/0
(79:11 / All) CaiusCosades: The standoff is complete
(79:13 / All) SmashTheMexica: Farewell, ya'll!
(79:14 / All) CaiusCosades: Yellow and I worked together
(79:17 / All) SmashTheMexica: Farewell, farewell!
(79:17 / All) molson-canadian: im canadian
(79:19 / All) CaiusCosades: You have an equal chance of winning now
(79:23 / All) CaiusCosades: Best Internet/last to leave wins
(79:25 / All) CaiusCosades: GOOD LUCK
(79:29 / All) CaiusCosades: LET IT BEGIN, LET IT BEGIN